 Dungeon Crawl Stone Soup version 0.20-a0-77-g476458c (webtiles) character file.

59 KristoblXynda the Charmwright (level 3, 0/29 HPs)
             Began as a Draconian Skald on Nov 19, 2016.
             Was an Initiate of Dithmenos.
             Slain by a goblin
             ... wielding a +0 club
             ... led by Robin
              (2 damage)
             ... on level 2 of the Dungeon.
             The game lasted 00:02:00 (1104 turns).

KristoblXynda the Charmwright (Draconian Skald)     Turns: 1104, Time: 00:02:01

Health: 0/29       AC:  5    Str: 14    XL:     3   Next: 78%
Magic:  2/6        EV: 12    Int: 13    God:    Dithmenos [......]
Gold:   51         SH:  0    Dex: 10    Spells: 1 memorised, 5 levels left

rFire  . . .     SeeInvis .       - Unarmed
rCold  . . .     Gourm    .     (armour unavailable)
rNeg   . . .     Faith    .     (no shield)
rPois  .         Spirit   .     (helmet restricted)
rElec  .         Reflect  .     (no cloak)
rCorr  .         Harm     .     (no gloves)
MR     .....                    (no boots)
Stlth  +.........               o - amulet of regeneration
                                g - ring of flight
                                j - ring of wizardry

@: infused (expiring)
A: unfitting armour, cold-blooded, AC +5
a: Renounce Religion, Evoke Flight


You were on level 2 of the Dungeon.
You worshipped Dithmenos.
Dithmenos was noncommittal.
You were full.

You visited 1 branch of the dungeon, and saw 2 of its levels.

You collected 51 gold pieces.

Inventory:

Jewellery
 g - a ring of flight (right hand)
 j - a ring of wizardry (left hand)
 o - an amulet of regeneration (around neck)
Scrolls
 d - 2 scrolls of remove curse {unknown}
 e - 2 scrolls of noise {unknown}
 f - 4 scrolls of identify {unknown}
 h - a scroll of teleportation {unknown}
 m - a scroll of amnesia {unknown}
 q - a scroll of enchant weapon {unknown}
Potions
 c - 2 potions of agility {unknown}
 k - a potion of heal wounds {unknown}
 l - a potion of lignification {unknown}
 p - a potion of might {unknown}
Books
 a - a book of Battle

   Spells                             Type                      Level
   a - Infusion                       Charms                       1
   b - Shroud of Golubria             Charms/Translocation         2
   c - Song of Slaying                Charms                       2
   d - Spectral Weapon                Hexes/Charms                 3
   e - Regeneration                   Charms/Necromancy            3
Comestibles
 b - 2 bread rations
 i - a beef jerky
 n - a meat ration


   Skills:
 - Level 2.1 Fighting
 - Level 2.1 Dodging
 + Level 0.4 Stealth
 + Level 2.9 Unarmed Combat
 - Level 2.0 Spellcasting
 + Level 3.3 Charms


You had 5 spell levels left.
You knew the following spells:

 Your Spells              Type           Power        Failure   Level  Hunger
a - Infusion              Chrm           ##..         4%          1    ##.....


Dungeon Overview and Level Annotations

Branches:
Dungeon (2/15)

Altars:
Dithmenos
Nemelex Xobeh

Annotations:
D:2 Robin


Innate Abilities, Weirdness & Mutations

Your plain brown scales are hard. (AC +5)
You cannot fit into any form of body armour.
You are cold-blooded and may be slowed by cold attacks.


Message History

You kill the goblin!
Dithmenos accepts your kill.
Your magical infusion is running out.
The goblin hits you. Robin throws the goblin at you!
The hobgoblin barely misses you.
You closely miss the goblin. The goblin misses you.
The goblin closely misses you. Robin hits you but does no damage.
The hobgoblin hits you with a club!
You barely miss the goblin. You tail-slap the goblin.
The goblin is heavily wounded.
The goblin closely misses you. Robin barely misses you.
The goblin hits you with a club.
* * * LOW HITPOINT WARNING * * *
You barely miss the goblin.
The goblin is heavily wounded.
The hobgoblin hits you with a club.
* * * LOW HITPOINT WARNING * * *
The goblin misses you. Robin hits you but does no damage.
The goblin hits you with a club.
You die...

..<. ##### ....
..... ..... #####
..... g.....
###g..... #
#gggg.... ## #@#
.#### #g# .<..#
###.#.# .##.###
#...#.#
..#.†.########.###.#
....#......##..# #.#
.##............# #.#
.######........# #.#
.# #........# #.#


You could see Robin, 4 hobgoblins and 2 goblins.

Vanquished Creatures
  Terence (D:2)
  A dart slug (D:2)
  A leopard gecko (D:1)
  A ball python (D:1)
  7 goblins
  5 hobgoblins
  6 kobolds (D:1)
  A bat (D:1)
  2 frilled lizards (D:1)
  6 rats
31 creatures vanquished.

Notes
Turn   | Place    | Note
-------+----------+-------------------------------------------
     0 | D:1      | KristoblXynda the Draconian Skald began the quest for the Orb.
     0 | D:1      | Reached XP level 1. HP: 17/17 MP: 3/3
   173 | D:1      | Reached XP level 2. HP: 12/24 MP: 1/5
   482 | D:1      | Reached skill level 3 in Charms
   627 | D:1      | Found a sparkling altar of Nemelex Xobeh.
   959 | D:2      | Found a shadowy altar of Dithmenos.
   971 | D:2      | Became a worshipper of Dithmenos the Shadowed
   992 | D:2      | Noticed Terence
  1009 | D:2      | Killed Terence
  1009 | D:2      | Reached XP level 3. HP: 5/29 MP: 3/6
  1089 | D:2      | Noticed Robin
  1104 | D:2      | Slain by a goblin

Vault maps used:
D:1:      minmay_arrival_loop, nemelex_altar_shiori
D:2:      grunt_dithmenos_smoke, uniq_terence, uniq_robin

Skill      XL: |  1  2 |
---------------+-------+-----
Charms         | 3 |  3.3
Dodging        | 2 |  2.1
Fighting       | |  2.1
Stealth        | |  0.4
Unarmed Combat | |  2.9
Spellcasting   | |  2.0

Action                   || total
-------------------------++-------
Melee: Unarmed           ||   125
       Tailslap          ||    13
       Punch             ||     1
 Cast: Infusion          ||     4
  Eat: Meat ration       ||     1
Armor: Skin              ||    38
Dodge: Dodged            ||    74
